AoeStats
← Blazing Cartesia, The Virtuous

Arabia

510361094Analyzed
1v1 RM · 9h ago on Sep 30, 2026· 52m 39s· 2 players
Game mode
Random Map
Map size
Tiny (2 player)
Population
200
Speed
Normal
Resources
Standard
Victory
Conquest
Starting age
Dark Age
Ending age
Imperial Age
RankedLock teamsTeams togetherTeam positionsShared explorationLock speedFull tech treeHidden civsTurbo modeCheats
Victory
Defeat
1263
+14
🇷🇺 Varangians · Russia
1224
-14
lidyaqu
6:41 Loom
9:03 Feudal Age
17:32 Bloodlines
17:49 Double-Bit Axe
23:07 Castle Age
21:03 Horse Collar
21:49 Forging
23:58 Squires
23:20 Pikeman
24:08 Scale Mail Armor
24:44 Iron Casting
24:45 Heavy Plow
26:35 Town Watch
26:54 Arson
28:38 Chain Mail Armor
34:12 Stone Mining
37:55 Imperial Age
35:57 Gold Mining
36:34 Husbandry
37:23 Scale Barding Armor
38:10 Bow Saw
39:33 Plate Mail Armor
39:45 Elite Varangian Guard
43:41 Two-Man Saw
42:46 Fletching
43:53 Conscription
45:01 Elite Skirmisher
46:59 Bodkin Arrow
48:05 Blast Furnace
47:53 Gothikon
48:26 Halberdier
49:30 Bracer
49:31 Padded Archer Armor
Blazing Cartesia, The Virtuous
5:56 Loom
8:56 Feudal Age
9:20 Double-Bit Axe
9:34 Horse Collar
18:31 Wheelbarrow
20:09 Castle Age
18:11 Gold Mining
20:33 Bloodlines
20:56 Bow Saw
20:47 Heavy Plow
22:17 Gold Shaft Mining
23:33 Forging
24:54 Crossbowman
26:06 Fletching
29:05 Ballistics
30:02 Stone Mining
30:45 Bodkin Arrow
36:25 Imperial Age
35:38 Thumb Ring
36:13 Fervor
36:41 Iron Casting
36:13 Scale Barding Armor
36:22 Kamandaran
37:14 Wheelbarrow
37:25 Town Watch
38:51 Chemistry
37:26 Cavalier
38:47 Padded Archer Armor
39:48 Blast Furnace
39:45 Husbandry
39:20 Savar
40:56 Masonry
44:17 Chain Barding Armor
44:13 Leather Archer Armor
45:57 Hand Cart
46:59 Architecture
46:25 Murder Holes
51:07 Elite War Elephant
52:22 Hoardings
52:19 Light Cavalry
Connection lost

Rejoining the realm…

Still unreachable

The connection could not be restored.

Session expired

The server has moved on; the page needs a fresh start.